 Dungeon Crawl Stone Soup version 0.27.1-2-g3b301248ec (console) character file.

Game seed: 14601728485033328601

588 Banquo the Sneak (level 7, -16/51 HPs)
             Began as a Djinni Delver on Sept 24, 2021.
             Was a Follower of Makhleb.
             Demolished by an orc warrior (18 damage)
             ... on level 6 of the Dungeon.
             The game lasted 00:26:12 (6388 turns).

Banquo the Sneak (Djinni Delver)                    Turns: 6388, Time: 00:26:12

Health: -16/51     AC:  3    Str: 11    XL:     7   Next: 65%
Gold:   131        EV: 12    Int: 14    God:    Makhleb [*.....] SH:  0 Dex: 14

rFire    + + .     SeeInvis .   a - +0 falchion
rCold    x . .     Faith    .   (no shield)
rNeg     . . .     Spirit   .   b - +0 leather armour
rPois    ∞         Reflect  .   (no helmet)
rElec    .         Harm     .   (no cloak)
rCorr    .         Rampage  .   (no gloves)
Will     .....                  (boots unavailable)
Stlth    +++.......             (no amulet)
HPRegen  0.17/turn              (no ring)
MPRegen  0.00/turn              (no ring)

@: flying
A: sickness immunity, fire resistance 2, cold vulnerability 1, float, innate
caster, hp casting, extra vitality 1
a: Renounce Religion


You were on level 6 of the Dungeon.
You worshipped Makhleb.
Makhleb was aware of your devotion.
You visited 2 branches of the dungeon, and saw 7 of its levels.
You also visited: Sewer.

You collected 151 gold pieces.
You spent 20 gold pieces at shops.

Inventory:

Hand Weapons
 a - a +0 falchion (weapon)
 w - a +0 spear
 C - a +0 hand axe of flaming
Missiles
 t - 7 javelins (quivered)
 v - 203 stones
 x - 34 poisoned darts
Armour
 b - a +0 leather armour (worn)
Magical Staves
 F - a staff of death
Wands
 g - a wand of digging (3)
 B - a wand of polymorph (12)
 D - a wand of acid (14)
 G - a wand of charming (5)
Scrolls
 c - 2 scrolls of fog
 d - 2 scrolls of magic mapping
 e - a scroll of fear
 h - 2 scrolls of noise {unknown}
 i - 2 scrolls of immolation {unknown}
 j - 2 scrolls of enchant weapon {unknown}
 o - 2 scrolls of summoning {unknown}
 q - 2 scrolls of acquirement {unknown}
 r - 2 scrolls of amnesia {unknown}
 s - a scroll of blinking {unknown}
 u - 2 scrolls of enchant armour {unknown}
 y - 2 scrolls of teleportation
Potions
 f - 3 potions of haste
 k - 2 potions of mutation
 l - a potion of cancellation
 m - 2 potions of curing
 n - 2 potions of heal wounds
 p - 2 potions of magic {unknown}
 z - a potion of flight {unknown}
 A - a potion of ambrosia {unknown}
 E - 2 potions of berserk rage {unknown}
 H - a potion of brilliance {unknown}


   Skills:
 - Level 3.7 Fighting
 - Level 2.9 Long Blades
 - Level 0.2 Armour
 - Level 2.4 Dodging
 - Level 5.1 Stealth
 * Level 4.1 Spellcasting
 * Level 0.9 Invocations


You had 8 spell levels left.
You knew the following spells:

 Your Spells              Type           Power      Damage    Failure   Level
a - Summon Small Mammal   Summ           56%        N/A       4%          1
c - Mephitic Cloud        Conj/Pois/Air  14%        N/A       14%         3
B - Blink                 Tloc           N/A        N/A       7%          2
Your spell library was empty.

Dungeon Overview and Level Annotations

Branches:
Dungeon (6/15)             Temple (1/1) D:4           Sewer (visited)

Altars:
Cheibriados
Dithmenos
Elyvilon
Gozag
Hepliaklqana
Makhleb
Nemelex Xobeh
Okawaru
Qazlal
Sif Muna
Trog
Uskayaw
Wu Jian

Shops:
D:1 *

Annotations:
D:5 3 exclusions, Edmund, Menkaure


Innate Abilities, Weirdness & Mutations

You are immune to sickness and miasma.
You are immune to poison.
Your flesh is very heat resistant. (rF++)
You are vulnerable to cold. (rC-)
You float through the air rather than walking.
You learn spells naturally, not from books.
Your magical power is your life essence.
You have superior vitality. (+4 HP)


Message History

The stinking cloud engulfs the orc warrior but does no damage.
The orc warrior is lightly wounded.
* * * LOW HITPOINT WARNING * * *
You hear a shout!
The orc warrior is engulfed in noxious fumes.
The orc warrior appears confused.
The orc warrior closely misses the orc wizard.
The orc wizard is engulfed in noxious fumes.
The orc wizard appears confused.
The orc wizard barely misses the orc warrior.
The orc warrior is engulfed in noxious fumes.
The orc warrior hits the orc wizard with a +0 trident!
The orc wizard is killed!
Makhleb accepts your kill.
An orc comes into view. It is wielding a +0 club.
You hit the orc.
The orc is lightly wounded.
The orc closely misses you.
You hit the orc but do no damage.
The orc is lightly wounded.
The orc hits you with a +0 club.
* * * LOW HITPOINT WARNING * * *
You hit the orc but do no damage.
The orc is lightly wounded.
The orc hits you with a +0 club.
* * * LOW HITPOINT WARNING * * *
Your magical contamination has completely faded away.
You hit the orc but do no damage.
The orc is lightly wounded.
The orc hits you with a +0 club.
* * * LOW HITPOINT WARNING * * *
The orc warrior barely misses you.
You barely miss the orc. The orc completely misses you.
The orc warrior hits you with a +0 trident.
* * * LOW HITPOINT WARNING * * *
The orc hits you but does no damage.
You hit the orc.
The orc is moderately wounded.
The orc warrior hits you with a +0 trident!!
You die...

###
#..
##.##
...
#o#
#@#
#o####
#..).#
####o#
#.#
#.#
#.#
###.#
#...#


You could see an orc warrior (confused) and an orc.

Vanquished Creatures
  A water moccasin (D:5)
  Purgy (Sewer)
  A necrophage (D:5)
  3 hounds
  A bullfrog skeleton (D:4)
  2 orc wizards (D:6)
  3 adders
  An adder skeleton (D:5)
  2 worms
  3 dart slugs
  2 orcs
  10 endoplasms
  5 giant cockroaches
  7 goblins
  7 hobgoblins
  3 jackals (D:2)
  5 kobolds
  4 quokkas
  9 ball pythons
  3 bats
  8 frilled lizards
  2 rats (D:2)
83 creatures vanquished.

Vanquished Creatures (collateral kills)
  A centaur zombie (D:5)
1 creature vanquished.

Grand Total: 84 creatures vanquished

Notes
Turn   | Place    | Note
-------+----------+-------------------------------------------
     0 | D:5      | Banquo the Djinni Delver began the quest for the Orb.
     0 | D:5      | Reached XP level 1. HP: 20/20 MP: 0/0
    24 | D:5      | Noticed a necrophage
    40 | D:5      | Killed a necrophage
    41 | D:5      | Reached skill level 5 in Stealth
    41 | D:5      | Reached XP level 2. HP: 3/25 MP: 0/0
    41 | D:5      | Reached XP level 3. HP: 3/30 MP: 0/0
    41 | D:5      | Learned a level 1 spell: Summon Small Mammal
    41 | D:5      | Reached XP level 4. HP: 4/35 MP: 0/0
   326 | D:5      | Noticed a water moccasin
   341 | D:5      | Killed a water moccasin
   342 | D:5      | Reached skill level 1 in Spellcasting
   342 | D:5      | Reached XP level 5. HP: 16/41 MP: 0/0
   342 | D:5      | Learned a level 2 spell: Blink
   342 | D:5      | Reached XP level 6. HP: 18/47 MP: 0/0
   579 | D:4      | Found a staircase to the Ecumenical Temple.
   592 | Temple   | Entered the Ecumenical Temple
   622 | Temple   | Became a worshipper of Makhleb the Destroyer
   795 | D:4      | Found a glowing drain.
   873 | Sewer    | Entered a sewer
   934 | Sewer    | Noticed Purgy
  1900 | Sewer    | Killed Purgy
  2460 | D:2      | Reached XP level 7. HP: 49/51 MP: 0/0
  2460 | D:2      | Learned a level 3 spell: Mephitic Cloud
  2856 | D:1      | Reached * piety under Makhleb
  2925 | D:1      | Found a faded altar of an unknown god.
  3121 | D:1      | Found Rubeepot's General Store.
  3130 | D:1      | Bought a scroll of identify for 20 gold pieces
  4757 | D:3      | Found a sparkling altar of Nemelex Xobeh.
  5211 | D:5      | Noticed Edmund
  5423 | D:5      | Noticed Menkaure
  6386 | D:6      | HP: 2/51 [orc (4)]
  6388 | D:6      | Demolished by an orc warrior

Illustrated notes

Levels and vault maps discovered:
D:1:      matt_arrival_spirals, layout_rooms, serial_shops,
          nicolae_shop_crystal, chequers_ecumenical_altar_simple_redux
D:2:      layout_basic
D:3:      layout_basic, nemelex_spade_bored_becter, mrwooster_statue_mirror
D:4:      layout_basic, minmay_temple_entry_statues_pillars,
          portal_sewer_entry_f, minmay_misc_feat_x
D:5:      layout_basic, lemuel_another_geyser, uniq_menkaure, uniq_edmund
D:6:      layout_loops_cross, mainiacjoe_overflow_concentric_impassable,
          lemuel_crystal_altar, kennysheep_little_box,
          kennysheep_generic_room_14
Temple:   chequers_temple_sunken

Skill      XL: |  1  2  3  4  5  6  7 |
---------------+----------------------+-----
Long Blades    | 2 |  2.9
Stealth        | 5 |  5.1
Spellcasting   | 1 3 4 |  4.1
Fighting       | |  3.7
Armour         | |  0.2
Dodging        | |  2.4
Invocations    | |  0.9

Action                   |  1- 3 |  4- 6 |  7- 9 || total
-------------------------+-------+-------+-------++-------
Melee: Falchion          |    12 |   112 |   209 ||   333
 Cast: Summon Small Mamm |       |    44 |     3 ||    47
       Mephitic Cloud    |       |       |     3 ||     3
  Use: Potion            |       |     1 |       ||     1
       Scroll            |       |       |     7 ||     7
 Stab: Sleeping          |       |     3 |    16 ||    19
       Distracted        |       |     1 |       ||     1
Armor: Leather armour    |     2 |    31 |    67 ||   100
Dodge: Dodged            |     7 |    88 |   140 ||   235
       Rpst.: Falchion   |     3 |    20 |    42 ||    65
